 Dungeon Crawl Stone Soup version 0.29-a0-352-g0917bc69df (webtiles) character file.

Game seed: 13842090751971220931

4 Enlil the Sneak (level 1, 0/13 HPs)
             Began as a Vampire Enchanter on Apr 24, 2022.
             Slain by a hobgoblin (4 damage)
             ... on level 1 of the Dungeon.
             The game lasted 00:01:04 (110 turns).

Enlil the Sneak (Vampire Enchanter)                  Turns: 110, Time: 00:01:05

Health: 0/13       AC:  2    Str:  7    XL:     1   Next: 50%
Magic:  3/3        EV: 12    Int: 17    God:
Gold:   6          SH:  0    Dex: 14    Spells: 4/4 levels left

rFire   . . .      SeeInvis +   a - +1 dagger
rCold   . . .      Faith    .   (no shield)
rNeg    . . .      Spirit   .   b - +0 robe
rPois   .          Reflect  .   (no helmet)
rElec   .          Harm     .   (no cloak)
rCorr   .          Rampage  .   (no gloves)
Will    .....                   (no boots)
Stlth   +++.......              (no amulet)
HPRegen 0.24/turn               (no ring)
MPRegen 0.08/turn               (no ring)

@: healing quickly
A: alive, fangs 3, see invisible, vampiric 1
a: Exsanguinate


You were on level 1 of the Dungeon.
You visited 1 branch of the dungeon, and saw 1 of its levels.

You collected 6 gold pieces.

Inventory:

Hand Weapons
 a - a +1 dagger (weapon)
Armour
 b - a +0 robe (worn)
Potions
 c - 2 potions of invisibility


   Skills:
 + Level 1.2 Short Blades
 + Level 2.2 Dodging
 + Level 4.5 Stealth
 + Level 2.0 Spellcasting
 + Level 4.5 Hexes


You had 4 spell levels left.
You didn't know any spells.
Your spell library contained the following spells:

 Spells                   Type           Power      Damage    Failure   Level
 Confusing Touch          Hex            17%        N/A       9%          3
 Tukima's Dance           Hex            17%        N/A       9%          3
 Ensorcelled Hibernation  Hex/Ice        18%        N/A       12%         2
 Dazzling Flash           Conj/Hex       18%        N/A       22%         3


Dungeon Overview and Level Annotations

Branches:
Dungeon (1/15)

Altars:


Innate Abilities, Weirdness & Mutations

Your natural rate of healing is accelerated.
You have razor-sharp teeth.
You have supernaturally acute eyesight. (SInv)
You are afflicted with vampirism.


Message History

The kobold is moderately wounded.
The kobold hits you with a +0 club. The kobold attacks as you move away!
The kobold hits you with a +0 club.
Things that are here:
a +1 dagger of distortion; a goblin corpse A rat comes into view.
The kobold hits you but does no damage.
You hit the kobold.
The kobold is severely wounded.
The kobold hits you with a +0 club.
* * * LOW HITPOINT WARNING * * *
You hit the kobold but do no damage. Your bite misses the kobold.
The kobold is moderately wounded.
You hit the kobold.
The kobold is severely wounded.
The kobold barely misses you. The kobold completely misses you.
The kobold attacks as you move away! The kobold closely misses you.
The kobold throws a stone.
The stone closely misses you.
The kobold throws a stone.
The stone closely misses you.
The kobold throws a stone.
The stone barely misses you.
You closely miss the rat.
The kobold throws a stone.
The stone hits you but does no damage. The rat bites you.
* * * LOW HITPOINT WARNING * * *
You closely miss the rat. The rat barely misses you.
You hit the kobold.
You kill the kobold!
The rat bites you.
* * * LOW HITPOINT WARNING * * *
You hit the rat.
You kill the rat!
You start resting.
A hobgoblin is nearby!
A hobgoblin is nearby!
A hobgoblin is nearby!
You see here a rat corpse.
The hobgoblin hits you.
You barely miss the hobgoblin. You closely miss the hobgoblin.
The hobgoblin hits you.
You die...

#.# #.# ..# #.# ####.#### ..
###'## ###.......####. #....#
#.........##..♣♣♣♣♣♣♣ ###.######
#.#.......##.≈≈P≈≈≈≈≈ ≈≈♣.♣≈≈≈≈#
#.#.......##≈≈P≈P≈P≈P
..♣.♣...≈####.............≈≈.≈≈≈≈
♣.....P.≈#+........[.).†......≈..
♣♣...PPP≈#.##.).@g##.............
♣.....P.♣#. #.#.....♣♣P≈≈≈≈≈.≈.≈.
...<....≈.. #.†....♣P≈≈P≈≈≈P≈P≈..
P.....P.♣## #####.♣P≈≈≈≈P≈≈≈≈≈≈≈≈
PP...PPP≈# #.#♣≈P≈≈≈≈≈≈≈≈≈≈≈
P.....P.≈# #.##♣♣♣≈≈≈≈≈≈≈≈≈≈
≈≈♣≈♣≈≈≈≈# .# ♣♣♣≈P≈≈≈P≈≈
###.###### .# #≈g≈≈ ...


You could see a hobgoblin.

Vanquished Creatures
  A goblin (D:1)
  A quokka (D:1)
  A kobold (D:1)
  A rat (D:1)
4 creatures vanquished.

Vanquished Creatures (others)
  3 plants (D:1)
3 creatures vanquished.

Grand Total: 7 creatures vanquished

Notes
Turn   | Place    | Note
-------+----------+-------------------------------------------
     0 | D:1      | Enlil the Vampire Enchanter began the quest for the Orb.
     0 | D:1      | Reached XP level 1. HP: 13/13 MP: 3/3
   110 | D:1      | Slain by a hobgoblin

Illustrated notes

Levels and vault maps discovered:
D:1:      ldierk_walled_garden, layout_loops_corners, serial_bayou,
          serial_bayou_pond_e, serial_bayou_crossing, serial_bayou_lagoon_b,
          serial_bayou_shore_b, serial_bayou_ford_a,
          ebering_ecumenical_altar_webs, minmay_tetromino_o4

Action                   || total
-------------------------++-------
Melee: Dagger            ||    20
       Bite              ||     2
Armor: Robe              ||     3
Dodge: Dodged            ||    16

Table legend: (Time is in decaauts)
 A = Elapsed time spent in this place.
 B = Non-inter-level travel time spent in this place.
 C = Inter-level travel time spent in this place.
 D = Time resting spent in this place.
 E = Time spent auto-exploring this place.
 F = Levels seen in this place.
 G = Mean time per level.
                   A        B        C        D        E       F      G
               +--------+--------+--------+--------+--------+-----+--------+
         Total |    110 |    110 |      0 |      7 |     45 |   1 |  110.0 |
       Dungeon |    110 |    110 |      0 |      7 |     45 |   1 |  110.0 |
               +--------+--------+--------+--------+--------+-----+--------+

Top non-repeatable levels by time:
     D:1: 110 daAuts
